 Dungeon Crawl Stone Soup version 0.22.1-1-ga44c0e5 (webtiles) character file.

16601 Folque the Geomancer (level 12, -17/103 HPs)
             Began as a Pale Draconian Earth Elementalist on Oct 13, 2018.
             Was an Elder of Vehumet.
             Killed from afar by an ice dragon (49 damage)
             ... with a blast of cold
             ... on level 11 of the Dungeon.
             The game lasted 01:13:09 (13067 turns).

Folque the Geomancer (DrEE)                        Turns: 13067, Time: 01:13:09

Health: -17/103    AC: 11    Str: 11    XL:     12   Next: 11%
Magic:  2/23       EV: 14    Int: 21    God:    Vehumet [****..]
Gold:   788        SH:  0    Dex: 11    Spells: 6/25 levels left

rFire    + + +     SeeInvis +   w - +7 dagger "Myckis" {pierce, +Blink rElec rF+++ rC-}
rCold    x . .     Gourm    .   (no shield)
rNeg     . . .     Faith    .   (armour unavailable)
rPois    .         Spirit   .   (helmet restricted)
rElec    +         Reflect  .   u - +2 cloak
rCorr    .         Harm     .   (no gloves)
MR       .....                  (no boots)
Stlth    ++........             y - amulet of magic regeneration
HPRegen  0.27/turn              s - ring of protection from fire
MPRegen  0.43/turn              B - ring of see invisible

@: no status effects
A: breathe steam, unfitting armour, cold-blooded, AC +8
a: Breathe Steam, Renounce Religion, Evoke Blink


You were on level 11 of the Dungeon.
You worshipped Vehumet.
Vehumet was greatly pleased with you.
You were very hungry.

You visited 2 branches of the dungeon, and saw 12 of its levels.
You also visited: Sewer and Bailey.

You collected 914 gold pieces.
You spent 126 gold pieces at shops.

Inventory:

Hand Weapons
 d - a +0 whip of venom
 w - the +7 dagger "Myckis" (weapon) {pierce, +Blink rElec rF+++ rC-}
   (You found it on level 7 of the Dungeon)

   It inflicts extra damage upon your enemies.
   It renders you almost immune to fire.
   It makes you vulnerable to cold.
   It insulates you from electricity.
   It lets you blink.
 H - a +2 long sword of slicing
 M - a +1 morningstar of draining
 U - a +3 spear of piercing
Missiles
 b - 173 stones
 e - 26 tomahawks (quivered)
 A - 5 curare-tipped needles
 C - 31 poisoned needles
 T - 4 throwing nets
Armour
 u - a +2 cloak (worn)
Jewellery
 f - a cursed amulet of inaccuracy
 s - a ring of protection from fire (left hand)
 y - an amulet of magic regeneration (around neck)
 B - a ring of see invisible (right hand)
 I - a +2 ring of intelligence {unknown}
 J - a cursed amulet of inaccuracy
 S - an uncursed ring of resist corrosion {unknown}
 Y - an uncursed ring of resist corrosion {unknown}
Wands
 a - a wand of random effects (42)
 n - a wand of acid (16)
 z - a wand of iceblast (4)
 G - a wand of polymorph (23)
 L - a wand of flame (56)
 O - a wand of enslavement (4)
 P - a wand of paralysis (22)
Scrolls
 h - 3 scrolls of fear
 i - 5 scrolls of enchant weapon
 j - a scroll of blinking
 k - 5 scrolls of amnesia
 o - 9 scrolls of remove curse
 q - 2 scrolls of immolation
 v - 5 scrolls of identify
 K - 3 scrolls of teleportation
 N - a scroll of fog
 R - a scroll of enchant armour
Potions
 g - 3 potions of mutation
 l - 6 potions of curing
 m - a potion of invisibility {unknown}
 p - 3 potions of heal wounds
 r - 2 potions of flight
 t - a potion of haste
 x - a potion of lignification {unknown}
 D - a potion of cancellation {unknown}
 E - 2 potions of resistance {unknown}
 F - a potion of degeneration {unknown}
 Q - 2 potions of brilliance
 V - a potion of berserk rage
 W - a potion of magic {unknown}
Miscellaneous
 X - a sack of spiders
Comestibles
 c - 9 rations


   Skills:
 - Level 8.6 Fighting
 + Level 1.8 Maces & Flails
 - Level 5.0 Dodging
 - Level 1.7 Stealth
 + Level 7.4 Spellcasting
 - Level 7.1 Conjurations
 - Level 2.2 Translocations
 - Level 6.0 Transmutations
 * Level 12.4 Earth Magic


You had 6 spell levels left.
You knew the following spells:

 Your Spells              Type           Power        Failure   Level  Hunger
a - Sandblast             Erth           ######       1%          1    None
b - Passwall              Tmut/Erth      #####...     1%          2    None
c - Stone Arrow           Conj/Erth      #####.       1%          3    None
d - Lee's Rapid Deconstr  Erth           ######....   1%          5    #####..
e - Petrify               Tmut/Erth      #####...     1%          4    ###....
f - Force Lance           Conj/Tloc      ####....     3%          4    ###....

Your spell library contained the following spells:

 Spells                   Type           Power        Failure   Level  Hunger
 Bolt of Draining         Conj/Necr      ###.......   14%         5    #####..
 Beastly Appendage        Tmut           ####..       1%          1    None
 Sticks to Snakes         Tmut           ####....     1%          2    None
 Throw Frost              Conj/Ice       ###...       1%          2    None
 Freeze                   Ice            #...         2%          1    None
 Throw Icicle             Conj/Ice       ###.....     5%          4    ###....
 Leda's Liquefaction      Hex/Erth       ####......   7%          4    ###....
 Spider Form              Tmut/Pois      ###.......   8%          3    None
 Corpse Rot               Necr           N/A          13%         2    None
 Blade Hands              Tmut           ####......   19%         5    #####..
 Ice Form                 Ice/Tmut       ###.....     24%         4    ###....
 Ozocubu's Armour         Chrm/Ice       #.......     26%         3    None
 Summon Ice Beast         Ice/Summ       #.......     63%         4    ###....
 Hydra Form               Tmut           ####......   71%         6    ######.
 Summon Forest            Summ/Tloc      ##........   83%         5    #####..
 Summon Hydra             Summ           #.........   100%        7    #######


Dungeon Overview and Level Annotations

Branches:
Dungeon (11/15)            Temple (1/1) D:6            Lair (0/6) D:9
    Orc (0/2) D:10

Altars:
Ashenzari
Cheibriados
Dithmenos
Elyvilon
Fedhas
Gozag
Hepliaklqana
Kikubaaqudgha
Makhleb
Nemelex Xobeh
Okawaru
Qazlal
Ru
Sif Muna
Trog
Uskayaw
Vehumet
Wu Jian
Xom
Yredelemnul
Zin
The Shining One

Shops:
D:8 !:   D:9 [

Annotations:
D:7 Dowan, Duvessa
D:11 Urug


Innate Abilities, Weirdness & Mutations

You can breathe blasts of scalding, opaque steam.
Your pale cyan-grey scales are hard. (AC +8)
You cannot fit into any form of body armour.
You are cold-blooded and may be slowed by cold attacks.


Message History

You are feeling very hungry.
Casting: Lee's Rapid Deconstruction (safe; 1% risk of failure)
Confirm with . or Enter, or press ? or * to list all spells.
Aiming: Lee's Rapid Deconstruction (safe; 1% risk of failure)
Press: ? - help, Dir - move target cursor, f/p - ice dragon Fragment what (e.g. wall or brittle monster)?: an ice dragon (heavily wounded, The ice dragon shatters!
The ice dragon is severely wounded.
The ice dragon is no longer petrified.
The ice dragon bites you. The ice dragon claws you.
The ice dragon closely misses you.
You hit the ice dragon.
The ice dragon is severely wounded.
The ice dragon bites you! The ice dragon claws you.
The ice dragon barely misses you.
You completely miss the ice dragon.
The ice dragon is heavily wounded.
The ice dragon breathes frost at you. The blast of cold hits you!
You feel a terrible chill!
You die...

.............###'#..#
#.....
..........)......)..#
#.....
.......[............#
#.....
##############'###..#
#.....
..........#..######.....
..........#.............
..........#.............
..........#...........##
.......@..#..........##
######.D..#.........## #
#....#........## #
#....#........# # #
#....#........# #.#
#..### #≈. #..# #.# ...#
# # #


You could see an ice dragon.

Vanquished Creatures
  A hydra (D:11)
  Harold (D:8)
  A centaur warrior (D:8)
  5 two-headed ogres
  An orc knight (D:11)
  An ugly thing (D:11)
  2 gargoyles
  A komodo dragon (D:11)
  A merfolk (D:9)
  A troll (D:11)
  A hornet (D:7)
  3 hippogriffs (D:10)
  A centaur simulacrum (D:11)
  A vampire (D:11)
  5 yaks (D:10)
  2 wyverns
  4 vampire mosquitoes (D:11)
  2 hungry ghosts
  Edmund (D:6)
  2 water moccasins
  A porcupine (D:9)
  7 orc warriors
  Purgy (Sewer)
  7 ice beasts
  4 sky beasts
  3 phantoms
  4 black bears
  5 ogres
  A necrophage (D:7)
  A crocodile (D:8)
  5 centaurs
  A big kobold (D:7)
  Blork the orc (D:6)
  7 bullfrogs
  A water moccasin skeleton (D:6)
  6 scorpions
  8 wights
  4 howler monkeys
  3 crimson imps
  A centaur zombie (D:6)
  An orc priest (D:9)
  7 hounds
  2 bullfrog skeletons
  3 centaur skeletons
  A jelly (D:8)
  5 orc wizards
  3 iguanas
  Terence (D:2)
  10 worker ants
  A hound zombie (D:10)
  A hound skeleton (D:6)
  10 adders
  A howler monkey skeleton (D:4)
  3 shadow imps (D:9)
  2 adder zombies
  4 adder skeletons
  4 worms
  A dart slug (D:2)
  10 leopard geckos
  26 orcs
  2 ball pythons (D:2)
  7 giant cockroaches
  5 goblins
  8 hobgoblins
  8 jackals
  29 kobolds
  6 quokkas
  A ball python skeleton (D:5)
  13 bats
  3 frilled lizards
  A giant cockroach zombie (D:2)
  2 leopard gecko zombies
  A quokka skeleton (D:4)
  3 rats
  A bush (D:4)
  2 fungi (D:9)
296 creatures vanquished.

Vanquished Creatures (others)
  A yak (D:9)
  A fungus (D:9)
2 creatures vanquished.

Grand Total: 298 creatures vanquished

Notes
Turn   | Place    | Note
-------+----------+-------------------------------------------
     0 | D:1      | Folque the Draconian Earth Elementalist began the quest for
                  | the Orb.
     0 | D:1      | Reached XP level 1. HP: 14/14 MP: 3/3
   448 | D:1      | Reached skill level 1 in Fighting
   511 | D:1      | Reached XP level 2. HP: 23/23 MP: 5/5
  1169 | D:2      | Found an iron altar of Okawaru.
  1239 | D:2      | Reached XP level 3. HP: 15/29 MP: 2/6
  1421 | D:2      | Noticed Terence
  1453 | D:2      | Killed Terence
  1578 | D:2      | Learned a level 2 spell: Passwall
  1582 | D:2      | Learned a level 3 spell: Stone Arrow
  1661 | D:2      | Reached XP level 4. HP: 32/37 MP: 3/7
  2035 | D:3      | Reached skill level 4 in Earth Magic
  2043 | D:3      | Found a shimmering altar of Xom.
  2221 | D:3      | Found a glowing drain.
  2262 | Sewer    | Entered a sewer
  2366 | Sewer    | Noticed Purgy
  2374 | Sewer    | Killed Purgy
  2374 | Sewer    | Reached skill level 1 in Conjurations
  2374 | Sewer    | Reached XP level 5. HP: 34/42 MP: 3/10
  2797 | D:4      | Reached XP level 6. HP: 43/49 MP: 11/11
  2804 | D:4      | Learned a level 5 spell: Lee's Rapid Deconstruction
  2843 | D:4      | Found a burning altar of Makhleb.
  3054 | D:4      | Reached skill level 5 in Earth Magic
  3349 | D:4      | Your scales start taking on a pale cyan-grey colour.
  3349 | D:4      | Reached XP level 7. HP: 45/56 MP: 6/13
  3900 | D:5      | Entered Level 5 of the Dungeon
  3912 | D:5      | Reached skill level 6 in Earth Magic
  4004 | D:5      | Found a bloodstained altar of Trog.
  4006 | D:5      | Found a hide-covered altar of Uskayaw.
  4011 | D:5      | Found a basalt altar of Yredelemnul.
  4058 | D:5      | Found a hazy altar of Hepliaklqana.
  4769 | D:6      | Found a glowing silver altar of Zin.
  5235 | D:6      | Found a staircase to the Ecumenical Temple.
  5246 | Temple   | Entered the Ecumenical Temple
  5478 | D:6      | Reached skill level 7 in Earth Magic
  5478 | D:6      | Reached XP level 8. HP: 64/64 MP: 8/14
  6580 | D:6      | Reached skill level 8 in Earth Magic
  6600 | D:6      | Noticed Blork the orc
  6785 | D:6      | Reached skill level 5 in Fighting
  6785 | D:6      | Killed Blork the orc
  6836 | D:6      | Reached XP level 9. HP: 45/74 MP: 3/15
  6906 | D:6      | Noticed Edmund
  6920 | D:6      | Killed Edmund
  6920 | D:6      | Reached skill level 9 in Earth Magic
  7367 | D:7      | Noticed Duvessa
  7368 | D:7      | Noticed Dowan
  7509 | D:7      | Got a crude dagger
  7510 | D:7      | Identified the +7 dagger "Myckis" {pierce, +Blink rElec
                  | rF+++ rC-} (You found it on level 7 of the Dungeon)
  8149 | Temple   | Became a worshipper of Vehumet
  8431 | D:8      | Noticed a centaur warrior
  8438 | D:8      | Killed a centaur warrior
  8438 | D:8      | Reached skill level 5 in Conjurations
  8438 | D:8      | Reached skill level 10 in Earth Magic
  8458 | D:8      | Reached XP level 10. HP: 48/86 MP: 1/16
  8556 | D:8      | Found Zaxiud's Distillery.
  8580 | D:8      | Bought a potion of heal wounds for 70 gold pieces
  8580 | D:8      | Bought a potion of brilliance for 56 gold pieces
  8659 | D:8      | Found Xytilate's Book Shop.
  8668 | D:8      | Found a white marble altar of Elyvilon.
  8711 | D:8      | Noticed a two-headed ogre
  8751 | D:8      | Killed a two-headed ogre
  9010 | D:8      | Learned a level 4 spell: Petrify
  9096 | D:8      | Found a sparkling altar of Nemelex Xobeh.
  9115 | D:8      | Found a shadowy altar of Dithmenos.
  9193 | D:8      | Reached skill level 11 in Earth Magic
  9325 | D:9      | Noticed Harold
  9330 | D:9      | Reached * piety under Vehumet
  9330 | D:9      | Offered knowledge of Flame Tongue by Vehumet.
  9331 | D:9      | Found Zeys Lorgh's Armour Shoppe.
  9334 | D:8      | Found a deep blue altar of Sif Muna.
  9377 | D:9      | Noticed a two-headed ogre
  9834 | D:8      | Killed Harold
 10140 | D:9      | Killed a two-headed ogre
 10140 | D:9      | Reached skill level 12 in Earth Magic
 10242 | D:9      | Reached XP level 11. HP: 21/95 MP: 2/17
 10685 | D:9      | Found a staircase to the Lair.
 10796 | D:10     | Entered Level 10 of the Dungeon
 10839 | D:10     | Found a staircase to the Orcish Mines.
 10847 | D:10     | Offered knowledge of Searing Ray by Vehumet.
 10857 | D:10     | Reached ** piety under Vehumet
 10936 | D:10     | Found a flagged portal.
 10991 | Bailey   | Entered a bailey
 11119 | Bailey   | Offered knowledge of Conjure Flame by Vehumet.
 11349 | D:10     | Reached *** piety under Vehumet
 11349 | D:10     | Reached skill level 5 in Spellcasting
 11382 | D:10     | Reached skill level 5 in Dodging
 11623 | D:10     | Offered knowledge of Force Lance by Vehumet.
 11629 | D:10     | Learned a level 4 spell: Force Lance
 11734 | D:10     | Noticed a two-headed ogre
 11752 | D:10     | Killed a two-headed ogre
 11752 | D:10     | Reached skill level 1 in Translocations
 11853 | D:11     | Noticed a two-headed ogre
 11868 | D:11     | Killed a two-headed ogre
 12065 | D:11     | Noticed a two-headed ogre
 12144 | D:11     | Killed a two-headed ogre
 12144 | D:11     | Reached skill level 5 in Transmutations
 12469 | D:11     | Noticed a six-headed hydra
 12484 | D:11     | Killed a six-headed hydra
 12499 | D:11     | Reached **** piety under Vehumet
 12525 | D:11     | Reached XP level 12. HP: 100/103 MP: 7/22
 12542 | D:11     | Reached skill level 1 in Maces & Flails
 12634 | D:11     | Noticed Urug
 12973 | D:11     | Offered knowledge of Bolt of Draining by Vehumet.
 13051 | D:11     | Noticed an ice dragon
 13067 | D:11     | Killed from afar by an ice dragon

Skill      XL: |  1  2  3  4  5  6  7  8  9 10 11 12 |
---------------+-------------------------------------+-----
Fighting       | 1 2 3 5 7 8 |  8.6
Earth Magic    | 4 5 7 8 10 12 | 12.4
Spellcasting   | 3 4 7 |  7.4
Conjurations   | 1 2 3 5 7 |  7.1
Dodging        | 2 3 4 5 |  5.0
Transmutations | 6 |  6.0
Translocations | 2 |  2.2
Maces & Flails | 1 |  1.8
Stealth        | |  1.7

Action                   |  1- 3 |  4- 6 |  7- 9 | 10-12 || total
-------------------------+-------+-------+-------+-------++-------
Melee: Whip              |    83 |   108 |   158 |       ||   349
       Unarmed           |     5 |       |       |       ||     5
       Tailslap          |     6 |    14 |    18 |    22 ||    60
       Long sword        |       |       |    26 |       ||    26
       Dagger            |       |       |    12 |    63 ||    75
       Morningstar       |       |       |       |   105 ||   105
Throw: Tomahawk          |       |       |     3 |     9 ||    12
 Cast: Sandblast         |     5 |    12 |    33 |    39 ||    89
       Stone Arrow       |     1 |    15 |    37 |    50 ||   103
       Passwall          |       |     1 |     2 |     6 ||     9
       Lee's Rapid Decon |       |       |    25 |    79 ||   104
       Petrify           |       |       |       |    45 ||    45
       Force Lance       |       |       |       |    10 ||    10
 Abil: Breathe Steam     |       |       |     9 |     4 ||    13
Evoke: Wand              |       |     1 |     1 |    15 ||    17
  Use: Potion            |     1 |       |       |     1 ||     2
       Scroll            |       |     4 |    17 |     9 ||    30
 Stab: Sleeping          |     5 |     3 |     2 |     2 ||    12
       Petrified         |       |       |       |    32 ||    32
       Petrifying        |       |       |       |     2 ||     2
  Eat: Chunk             |     2 |     7 |    20 |    34 ||    63
       Ration            |       |       |     3 |     5 ||     8
Armor: Skin              |    22 |    44 |    62 |    69 ||   197
Dodge: Dodged            |    43 |    91 |   114 |   166 ||   414
       Rpst.: Long sword |       |       |     5 |       ||     5
